 Dungeon Crawl Stone Soup version 0.21.1-1-g345015fe64 (webtiles) character file.

74 Ivernyr the Charmwright (level 4, -4/34 HPs)
             Began as a Human Skald on Apr 22, 2018.
             Killed from afar by Natasha (9 damage)
             ... with a magic dart
             ... on level 2 of the Dungeon.
             The game lasted 00:04:52 (2076 turns).

Ivernyr the Charmwright (Human Skald)               Turns: 2076, Time: 00:04:53

Health: -4/34      AC:  5    Str: 12    XL:     4   Next: 52%
Magic:  6/7        EV: 11    Int: 13    God:
Gold:   85         SH:  0    Dex: 13    Spells: 2/7 levels left

rFire    . . .     SeeInvis .   a - +0 falchion
rCold    . . .     Gourm    .   (no shield)
rNeg     . . .     Faith    .   f - +0 ring mail (curse)
rPois    .         Spirit   .   (no helmet)
rElec    .         Reflect  .   (no cloak)
rCorr    .         Harm     .   (no gloves)
MR       .....                  (no boots)
Stlth    +.........             (no amulet)
HPRegen  0.11/turn              (no ring)
MPRegen  0.10/turn              (no ring)

@: no status effects
A: no striking features
a: no special abilities


You were on level 2 of the Dungeon.
You were hungry.

You visited 1 branch of the dungeon, and saw 2 of its levels.

You collected 85 gold pieces.

Inventory:

Hand Weapons
 a - a +0 falchion (weapon)
Armour
 f - a cursed +0 ring mail (worn)
Scrolls
 b - 5 scrolls of identify {unknown}
 g - a scroll of immolation {unknown}
 k - 3 scrolls of blinking {unknown}
 l - a scroll of teleportation {unknown}
 m - a scroll of remove curse {unknown}
Potions
 e - a potion of heal wounds {unknown}
 h - a potion of flight {unknown}
 i - a potion of curing {unknown}
 j - a potion of brilliance {unknown}
Books
 c - a book of Battle

   Spells                             Type                      Level
   a - Infusion                       Charms                       1
   b - Shroud of Golubria             Charms/Translocation         2
   c - Song of Slaying                Charms                       2
   d - Spectral Weapon                Hexes/Charms                 3
   e - Regeneration                   Charms/Necromancy            3
Comestibles
 d - 3 rations


   Skills:
 + Level 2.5 Fighting
 + Level 2.6 Long Blades
 * Level 2.5 Armour
 - Level 2.0 Dodging
 - Level 2.0 Spellcasting
 + Level 3.4 Charms


You had 2 spell levels left.
You knew the following spells:

 Your Spells              Type           Power        Failure   Level  Hunger
a - Shroud of Golubria    Chrm/Tloc      #.........   38%         2    ###....
b - Song of Slaying       Chrm           ##......     21%         2    ###....
c - Infusion              Chrm           ##..         13%         1    ##.....


Dungeon Overview and Level Annotations

Branches:
Dungeon (2/15)

Altars:
Cheibriados
Okawaru

Annotations:
D:2 Natasha


Message History

Your ring mail prevents you from hitting Natasha.
Natasha is heavily wounded.
Natasha claws you. The iron imp hits you!
You hit Natasha.
Natasha is heavily wounded.
Natasha stares at you and mumbles some strange words.
The magic dart hits you!
* * * LOW HITPOINT WARNING * * *
Your song is almost over.
Natasha mumbles some strange words.
Natasha's front paws start to glow.
Natasha casts a spell.
The crimson imp shouts!
The iron imp closely misses you.
Your song has ended.
Things that are here:
a club; a dagger Natasha stares at you and mumbles some strange words.
The magic dart hits you!
You die...

.# ###.#.#.# #.............##.##
.# #.#.#.# #........#.##.##.##
.# #.....# ########.#.##..(...
.# ##...## #h#.......## .##
#...# #.########## ..# #...##
#ยง# ######## #.#####....#####
####.###.>...##
#..............####..h..(......#
.........._.....@).............#
#..............###......#......#
#.#####...########...#..#......#
..# #...# #....##.#.###### ###
#...# #....##.#.# #...#
#>........# #...# ##.####.###
### ##.## #......#######.. ##.##
######....).>..#


You could see Natasha.

Vanquished Creatures
  A worker ant (D:2)
  A leopard gecko (D:2)
  An orc (D:2)
  A ball python (D:1)
  9 bats
  A giant cockroach (D:1)
  6 goblins
  5 hobgoblins
  6 jackals (D:2)
  10 kobolds
  2 frilled lizards
  2 rats (D:2)
45 creatures vanquished.

Notes
Turn   | Place    | Note
-------+----------+-------------------------------------------
     0 | D:1      | Ivernyr the Human Skald began the quest for the Orb.
     0 | D:1      | Reached XP level 1. HP: 16/16 MP: 3/3
   267 | D:1      | Reached XP level 2. HP: 22/22 MP: 5/5
   274 | D:1      | Learned a level 2 spell: Shroud of Golubria
   277 | D:1      | Learned a level 2 spell: Song of Slaying
   889 | D:1      | Reached XP level 3. HP: 27/27 MP: 6/6
  1045 | D:2      | Found an iron altar of Okawaru.
  1079 | D:2      | Reached XP level 4. HP: 13/34 MP: 2/7
  1437 | D:2      | Found a snail-covered altar of Cheibriados.
  2045 | D:2      | Noticed Natasha
  2076 | D:2      | Killed from afar by Natasha

Skill      XL: |  1  2  3 |
---------------+----------+-----
Armour         | 2 |  2.5
Fighting       | |  2.5
Long Blades    | |  2.6
Dodging        | |  2.0
Spellcasting   | |  2.0
Charms         | |  3.4

Action                   |  1- 3 |  4- 6 || total
-------------------------+-------+-------++-------
Melee: Falchion          |    75 |    71 ||   146
 Cast: Song of Slaying   |     1 |     3 ||     4
       Shroud of Golubri |     1 |     2 ||     3
 Stab: Sleeping          |     1 |       ||     1
  Eat: Chunk             |       |     4 ||     4
Armor: Leather armour    |     4 |       ||     4
       Ring mail         |    21 |    26 ||    47
Dodge: Dodged            |    64 |    41 ||   105
       Rpst.: Falchion   |    26 |     7 ||    33
